 Dungeon Crawl Stone Soup version 0.27-a0-978-g2aa4ecdaef (webtiles) character file.

Game seed: 6524873709607323839

56 1player the Ducker (level 3, -19/28 HPs)
             Began as a Djinni Fire Elementalist on Apr 14, 2021.
             Killed from afar by an orc (21 damage)
             ... with a bolt of acid
             ... on level 3 of the Dungeon.
             The game lasted 00:13:52 (3057 turns).

1player the Ducker (Djinni Fire Elementalist)       Turns: 3057, Time: 00:13:52

Health: -19/28     AC:  7    Str:  7    XL:     3   Next: 97%
Gold:   78         EV: 13    Int: 17    God:
                   SH:  0    Dex: 13

rFire    + + .     SeeInvis .   s - +0 dagger
rCold    x . .     Faith    .   (no shield)
rNeg     . . .     Spirit   .   a - +0 robe
rPois    ∞         Reflect  .   g - +0 helmet
rElec    .         Harm     .   (no cloak)
rCorr    .         Rampage  .   (no gloves)
Will     .....                  (boots unavailable)
Stlth    ++........             (no amulet)
HPRegen  0.09/turn              d - +4 ring of protection
MPRegen  0.00/turn              (no ring)

@: mighty, flying
A: fire resistance 2, cold vulnerability 1, float, innate caster, hp casting,
extra vitality 1
a: no special abilities


You were on level 3 of the Dungeon.
You visited 1 branch of the dungeon, and saw 3 of its levels.

You collected 78 gold pieces.

Inventory:

Hand Weapons
 e - a +0 short sword
 s - a +0 dagger (weapon)
 t - a +0 flail of protection
Missiles
 c - 12 poisoned darts
 i - 8 boomerangs
 l - a throwing net
Armour
 a - a +0 robe (worn)
 g - a +0 helmet (worn)
Jewellery
 d - a +4 ring of protection (left hand)
Scrolls
 f - a scroll of noise {unknown}
 h - a scroll of fear {unknown}
 o - a scroll of amnesia {unknown}
 p - a scroll of immolation {unknown}
 r - a scroll of identify {unknown}
Potions
 b - a potion of resistance {unknown}
 j - a potion of magic {unknown}
 k - a potion of might
 m - a potion of invisibility {unknown}
 n - a potion of heal wounds {unknown}
 q - a potion of mutation {unknown}


   Skills:
 * Level 2.1 Fighting
 + Level 3.2 Dodging
 - Level 1.5 Stealth
 - Level 3.0 Spellcasting


You couldn't memorise any spells.
You knew the following spells:

 Your Spells              Type           Power      Damage    Failure   Level
a - Shock                 Conj/Air       48%        1d6       4%          1
b - Conjure Flame         Conj/Fire      12%        6-21      16%         3
c - Inner Flame           Hex/Fire       12%        N/A       16%         3
d - Sticky Flame          Conj/Fire      12%        2d4       45%         4
e - Fireball              Conj/Fire      6%         3d5       80%         5
q - Foxfire               Conj/Fire      48%        2x1d6     4%          1
Your spell library was empty.

Dungeon Overview and Level Annotations

Branches:
Dungeon (3/15)

Altars:

Annotations:
D:3 Sigmund


Innate Abilities, Weirdness & Mutations

You are immune to poison.
Your flesh is very heat resistant. (rF++)
You are vulnerable to cold. (rC-)
You float through the air rather than walking.
You learn spells naturally, not from books.
Your magical power is your life essence.
You have superior vitality. (+4 HP)


Message History

Press: ? - help, Shift-Dir - straight line, f/p - giant cockroach
Aim: a giant cockroach (almost dead, 32% to evade)
Okay, then.
Casting: Shock (safe; 4% risk of failure)
Confirm with . or Enter, or press ? or * to list all spells.
You conjure some foxfire!
The giant cockroach bites you but does no damage.
The giant cockroach closely misses you.
You hit the giant cockroach but do no damage.
The giant cockroach is severely wounded.
The foxfire hits the giant cockroach.
You kill the giant cockroach!
You start resting.
Your foxfire dissipates!
You start resting.
HP restored.
You see here a giant cockroach corpse.
You now have 78 gold pieces (gained 9).
Found a stone staircase leading down.
An orc comes into view. It is wielding a +0 mace.
The orc shouts!
You hear a shout! x4
The orc hits you but does no damage.
The orc zaps a wand.
The bolt of acid hits you!
You are splashed with acid!
Ouch! That really hurt!
* * * LOW HITPOINT WARNING * * *
Okay, then.
Okay, then.
Unknown command.
Press: ? - help, v - describe, . - travel
Here: an orc, wielding a +0 dagger and carrying a wand of acid (10)
The floor.
Unknown command.
It was a potion of might.
You feel very mighty all of a sudden.
You barely miss the orc.
The orc zaps a wand.
The bolt of acid hits you!!
Ouch! That really hurt!
You die...

# #......###≈≈≈≈.#
####.##### #≈≈≈≈.#
......# #≈≈≈≈.#
####..# ##≈≈≈≈.#
#####.# #≈≈≈≈≈.#
....#.#
#≈≈≈≈≈.####...
....#..
##≈≈≈≈.........
....#..#
#≈≈≈≈≈..####...
....#... #≈≈≈≈≈.@#
.####.#.#≈≈≈≈≈#.o#
.# ≈≈≈≈≈#..#### .#
≈≈≈≈##<...)# ##
≈≈≈≈≈....##.#
≈≈≈≈.)..... ..
≈≈≈..#.####....
....##. ### ####
#.


You could see an orc.

Vanquished Creatures
  An adder (D:2)
  3 dart slugs
  An orc (D:3)
  6 endoplasms
  3 giant cockroaches
  3 hobgoblins
  5 jackals
  A kobold (D:1)
  4 ball pythons
  3 bats
  4 goblins
  4 rats
38 creatures vanquished.

Vanquished Creatures (others)
  50 foxfires
50 creatures vanquished.

Grand Total: 88 creatures vanquished

Notes
Turn   | Place    | Note
-------+----------+-------------------------------------------
     0 | D:1      | 1player the Djinni Fire Elementalist began the quest for
                  | the Orb.
     0 | D:1      | Reached XP level 1. HP: 15/15 MP: 0/0
   243 | D:1      | Found a faded altar of an unknown god.
   439 | D:1      | Reached XP level 2. HP: 19/21 MP: 0/0
  1400 | D:2      | Reached skill level 1 in Fighting
  1400 | D:2      | Reached XP level 3. HP: 25/27 MP: 0/0
  1400 | D:2      | Learned a level 1 spell: Shock
  1906 | D:3      | Noticed Sigmund
  3057 | D:3      | Killed from afar by an orc

Illustrated notes

Levels and vault maps discovered:
D:1:      wheals_arrival_linesprint, layout_loops_ring,
          ebering_ecumenical_altar_sacrificial
D:2:      minmay_wonky_spiral, layout_loops_cross, dk_noncrumbling_4
D:3:      wander_river, layout_basic, uniq_sigmund

Skill      XL: |  1  2  3 |
---------------+----------+-----
Spellcasting   | 3 |  3.0
Fighting       | 1 2 |  2.1
Dodging        | 3 |  3.2
Stealth        | |  1.5

Action                   || total
-------------------------++-------
Melee: Unarmed           ||     2
       Short sword       ||    49
       Dagger            ||    29
 Cast: Foxfire           ||    36
       Shock             ||    14
  Use: Potion            ||     1
 Stab: Sleeping          ||     6
Armor: Robe              ||    38
Dodge: Dodged            ||    75

Table legend: (Time is in decaauts)
 A = Elapsed time spent in this place.
 B = Non-inter-level travel time spent in this place.
 C = Inter-level travel time spent in this place.
 D = Time resting spent in this place.
 E = Time spent auto-exploring this place.
 F = Levels seen in this place.
 G = Mean time per level.
                   A        B        C        D        E       F      G
               +--------+--------+--------+--------+--------+-----+--------+
         Total |   3061 |   2891 |    170 |    842 |   1022 |   3 | 1020.3 |
       Dungeon |   3061 |   2891 |    170 |    842 |   1022 |   3 | 1020.3 |
               +--------+--------+--------+--------+--------+-----+--------+

Top non-repeatable levels by time:
     D:3: 1076 daAuts
     D:2: 1056 daAuts
     D:1: 928 daAuts
